 Dungeon Crawl Stone Soup version 0.30-a0-862-g1aabd4f9c5 (webtiles) character file.

Game seed: 277325873703519892

292 Dittersdorf the Covered (level 6, -11/39 HPs)
             Began as a Gargoyle Fighter on Mar 9, 2023.
             Killed by divine providence
             ... invoked by an orc priest
              (16 damage)
             ... on level 4 of the Dungeon.
             The game lasted 00:04:19 (2531 turns).

Dittersdorf the Covered (Gargoyle Fighter)          Turns: 2531, Time: 00:04:20

Health: -11/39     AC: 13    Str: 21    XL:     6   Next: 33%
Magic:  6/6        EV:  9    Int:  9    God:
Gold:   252        SH:  6    Dex:  9    Spells: 5/5 levels left

rFire   . . .      SeeInvis +    a - +0 flail
rCold   . . .      Faith    +    j - +2 buckler
rNeg    + . .      Spirit   .    b - +0 scale mail
rPois   ∞          Reflect  .    f - +1 helmet {SInv}
rElec   +          Rampage  .    (no cloak)
rCorr   +                        (no gloves)
Will    .....                    (no boots) Stlth
                                 k - amulet of faith
HPRegen 0.26/turn                m - ring of resist corrosion
MPRegen 0.10/turn                (no ring)

@: no status effects
A: sickness immunity, AC +4, negative energy resistance 1, electricity
resistance, torment resistance 1, petrification resistance
a: no special abilities


You were on level 4 of the Dungeon.
You visited 1 branch of the dungeon, and saw 4 of its levels.

You collected 252 gold pieces.

Inventory:

Hand Weapons
 a - a +0 flail (weapon)
Missiles
 o - 2 poisoned darts (quivered)
Armour
 b - a +0 scale mail (worn)
 f - a +1 helmet of see invisible (worn)
 j - a +2 buckler (worn)
 t - a +0 plate armour
Jewellery
 k - an amulet of faith (around neck)
 m - a ring of resist corrosion (left hand)
Scrolls
 e - a scroll of butterflies {unknown}
 g - 4 scrolls of identify {unknown}
 h - a scroll of noise {unknown}
 p - a scroll of amnesia {unknown}
 r - a scroll of teleportation {unknown}
Potions
 c - a potion of attraction {unknown}
 d - a potion of might
 i - 2 potions of curing {unknown}
 l - 3 potions of resistance {unknown}
 n - a potion of heal wounds {unknown}
 q - a potion of ambrosia {unknown}
 s - a potion of mutation {unknown}


   Skills:
 + Level 4.7 Fighting
 + Level 3.5 Maces & Flails
 + Level 4.7 Armour
 + Level 4.7 Shields


You had 5 spell levels left.
You didn't know any spells.
Your spell library contained the following spells:

 Spells                   Type           Power      Damage    Failure   Level
 Iskenderun's Battlesphe  Conj           0%         2d6       100%        5
 Iron Shot                Conj/Erth      0%         9d1       100%        6
 Spellforged Servitor     Conj/Summ      0%         N/A       100%        7


Dungeon Overview and Level Annotations

Branches:
Dungeon (4/15)
 Temple: D:4-7

Altars:
Trog
Yredelemnul

Annotations:
D:3 1 runed translucent door


Innate Abilities, Weirdness & Mutations

You are immune to sickness and miasma.
Your stone body is resilient. (AC +4)
You are immune to poison.
You resist negative energy. (rN+)
You are resistant to electric shocks. (rElec)
You are resistant to unholy torment.
You are immune to petrification.


Message History

You closely miss the orc wizard.
The orc wizard is almost dead.
The orc priest barely misses you.
The orc wizard points at you and mumbles some strange words.
The magic dart hits you but does no damage.
The orc hits you with a +0 short sword. The orc closely misses you.
You miss the orc wizard.
The orc wizard is almost dead.
The orc priest hits you with a +0 dagger.
The orc wizard casts a spell at you. The puff of flame hits you!
You block the orc's attack. The orc hits you but does no damage.
The orc priest barely misses you. The orc barely misses you.
The orc wizard hits you but does no damage.
You block the orc's attack.
You hit the orc wizard.
The orc wizard is almost dead.
You block the orc priest's attack.
The orc wizard casts a spell.
The orc wizard flickers and vanishes for a moment.
The orc hits you with a +0 short sword. The orc closely misses you.
You closely miss the orc wizard.
The orc wizard is almost dead.
You block the orc priest's attack. The orc wizard closely misses you.
The orc closely misses you. The orc hits you with a +0 short sword.
You hit the orc wizard.
You kill the orc wizard!
The orc misses you.
The orc priest invokes the aid of Beogh against you.
Pain shoots through your body!
* * * LOW HITPOINT WARNING * * *
The orc hits you but does no damage. You block the orc's attack.
The orc hits you but does no damage. You block the orc priest's attack.
The kobold hits you but does no damage.
You sock the orc priest!
The orc priest is heavily wounded.
The orc hits you but does no damage.
The orc priest mumbles some strange prayers to Beogh against you.
Beogh smites you!
You die...

#.....## #.#
#######..
####### #.# #.#
# #.#####
..#.####.#...
#......#.#.#
###.##.....#####
.....>..oK......
###.#...@o.#####
# #.##o#......
#. #........ ..
###...... ..
.##### #.# # #.


You could see an orc priest, 2 orcs and a kobold.

Vanquished Creatures
  An ogre (D:4)
  A scorpion (D:4)
  2 orc wizards
  A gnoll (D:1)
  An adder (D:2)
  A worm (D:3)
  3 dart slugs
  5 orcs
  5 endoplasms
  5 giant cockroaches
  7 goblins
  6 hobgoblins
  3 kobolds
  6 quokkas
  6 ball pythons
  6 bats
  5 frilled lizards
  A goblin skeleton (D:3)
  A jackal skeleton (D:3)
  A kobold skeleton (D:3)
  5 rats
72 creatures vanquished.

Notes
Turn   | Place    | Note
-------+----------+-------------------------------------------
     0 | D:1      | Dittersdorf the Gargoyle Fighter began the quest for the
                  | Orb.
     0 | D:1      | Reached XP level 1. HP: 14/14 MP: 1/1
   135 | D:1      | Reached XP level 2. HP: 19/19 MP: 2/2
   391 | D:1      | Reached XP level 3. HP: 6/24 MP: 3/3
  1493 | D:2      | Reached XP level 4. HP: 29/29 MP: 4/4
  2066 | D:3      | Found a runed translucent door.
  2066 | D:3      | Noticed a human
  2068 | D:3      | Found a basalt altar of Yredelemnul.
  2249 | D:4      | Reached XP level 5. HP: 27/33 MP: 5/5
  2319 | D:4      | Found a bloodstained altar of Trog.
  2360 | D:4      | Noticed an ogre
  2367 | D:4      | Killed an ogre
  2446 | D:4      | Reached XP level 6. HP: 39/39 MP: 6/6
  2531 | D:4      | Killed from afar by an orc priest

Illustrated notes

Levels and vault maps discovered:
D:1:      shiori_arrival_maze, layout_loops_cross, bh_walls_and_bars
D:2:      layout_basic, kennysheep_generic_room_9
D:3:      layout_rooms, dk_yredelemnul_ordeal, moated_statue
D:4:      layout_rooms, trog_butcher_becter, mainiacjoe_overflow_divided_tiny

Skill      XL: |  1  2  3  4 |
---------------+-------------+-----
Shields        | 4 |  4.7
Fighting       | 4 |  4.7
Armour         | 4 |  4.7
Maces & Flails | 3 |  3.5

Action                     |  1- 3 |  4- 6 || total
---------------------------+-------+-------++-------
  Melee: Flail             |   110 |   143 ||   253
 Armour: Scale mail        |    74 |    90 ||   164
  Dodge: Dodged            |    54 |    65 ||   119
  Block: Buckler           |    34 |    42 ||    76

Table legend: (Time is in decaauts)
 A = Elapsed time spent in this place.
 B = Non-inter-level travel time spent in this place.
 C = Inter-level travel time spent in this place.
 D = Time resting spent in this place.
 E = Time spent auto-exploring this place.
 F = Levels seen in this place.
 G = Mean time per level.
                   A        B        C        D        E       F      G
               +--------+--------+--------+--------+--------+-----+--------+
         Total |   2608 |   2449 |    159 |    142 |   1671 |   4 |  652.0 |
       Dungeon |   2608 |   2449 |    159 |    142 |   1671 |   4 |  652.0 |
               +--------+--------+--------+--------+--------+-----+--------+

Top non-repeatable levels by time:
     D:1: 950 daAuts
     D:2: 829 daAuts
     D:3: 500 daAuts
     D:4: 328 daAuts
